 Dungeon Crawl Stone Soup version 0.27-a0-78-g75406f0b48 (webtiles) character file.

Game seed: 5817950785413053269

5 tzalcoatl the Skirmisher (level 1, -3/15 HPs)
             Began as a Halfling Abyssal Knight on Jan 13, 2021.
             Was an Initiate of Lugonu.
             Slain by a gnoll
             ... wielding a +0 halberd
              (18 damage)
             ... on level 1 of the Dungeon.
             The game lasted 00:02:25 (355 turns).

tzalcoatl the Skirmisher (Halfling Abyssal Knight)   Turns: 355, Time: 00:02:25

Health: -3/15      AC:  4    Str: 13    XL:     1   Next: 88%
Magic:  2/2        EV: 13    Int: 10    God:    Lugonu [......]
Gold:   14         SH:  0    Dex: 13    Spells: 0/0 levels left

rFire    . . .     SeeInvis .   a - +1 short sword
rCold    . . .     Faith    .   (shield restricted)
rNeg     . . .     Spirit   .   b - +0 leather armour
rPois    .         Reflect  .   (no helmet)
rElec    .         Harm     .   (no cloak)
rCorr    .         Rampage  .   (no gloves)
Will     .....                  h - +0 pair of boots
Stlth    +.........             (no amulet)
HPRegen  0.05/turn              (no ring)
MPRegen  0.08/turn              (no ring)

@: no status effects
A: small, mutation resistance 1
a: Renounce Religion


You were on level 1 of the Dungeon.
You worshipped Lugonu.
Lugonu was noncommittal.
You visited 1 branch of the dungeon, and saw 1 of its levels.
You visited the Abyss 1 time.

You collected 14 gold pieces.

Inventory:

Hand Weapons
 a - a +1 short sword (weapon)
Missiles
 j - 19 stones (quivered)
Armour
 b - a +0 leather armour (worn)
 h - a +0 pair of boots (worn)
Scrolls
 c - a scroll of identify {unknown}
 d - a scroll of noise {unknown}
 g - a scroll of amnesia {unknown}
Potions
 e - 4 potions of haste {unknown}
 f - a potion of resistance {unknown}
 i - a potion of flight {unknown}


   Skills:
 * Level 2.8 Fighting
 + Level 2.5 Short Blades
 - Level 2.1 Armour
 + Level 1.2 Dodging
 + Level 2.1 Invocations


You couldn't memorise any spells.
You didn't know any spells.
Your spell library was empty.

Dungeon Overview and Level Annotations

Branches:
Dungeon (1/15)

Altars:


Innate Abilities, Weirdness & Mutations

You are small and have problems with some larger weapons.
You are somewhat resistant to further mutation.


Message History

Aim: a gnoll, wielding a +0 halberd (lightly wounded)
You throw a stone.
The stone hits the gnoll but does no damage.
The gnoll is lightly wounded.
Throw: 21 stones
Press: ? - help, Q - select action Shift-Dir - straight line, f/p - gnoll
Aim: a gnoll, wielding a +0 halberd (lightly wounded)
You throw a stone. The stone hits the gnoll.
The gnoll is moderately wounded.
Throw: 20 stones
Press: ? - help, Q - select action Shift-Dir - straight line, f/p - gnoll
Aim: a gnoll, wielding a +0 halberd (moderately wounded)
You throw a stone. The stone barely misses the gnoll.
The gnoll barely misses you.
You see here a scroll labelled VELENA HOFOWA.
You hit the gnoll.
The gnoll is moderately wounded.
The gnoll hits you with a +0 halberd!!
Ouch! That really hurt!
You die...

# ############
#############......((((.
................@g(##
#############.####.# ..
#...#.# # ## #...# ##..#
#.>## ..... ##.#### #.


You could see a gnoll.

Vanquished Creatures
  4 jackals (D:1)
4 creatures vanquished.

Notes
Turn   | Place    | Note
-------+----------+-------------------------------------------
     0 | Abyss:1  | tzalcoatl the Halfling Abyssal Knight began the quest for
                  | the Orb.
     0 | Abyss:1  | Reached XP level 1. HP: 15/15 MP: 2/2
    41 | Abyss:1  | Noticed a sixfirhy
    79 | Abyss:1  | Noticed a rust devil
    93 | Abyss:1  | Noticed a glowing orange brain
   100 | D:1      | Escaped the Abyss
   355 | D:1      | Slain by a gnoll

Illustrated notes

Levels and vault maps discovered:
D:1:      giann_forest_graveyard, layout_loops_ring

Action                   || total
-------------------------++-------
Melee: Short sword       ||    21
Throw: Stone             ||     6
Invok: Depart the Abyss  ||     1
Armor: Leather armour    ||     7
Dodge: Dodged            ||    12

Table legend: (Time is in decaauts)
 A = Elapsed time spent in this place.
 B = Non-inter-level travel time spent in this place.
 C = Inter-level travel time spent in this place.
 D = Time resting spent in this place.
 E = Time spent auto-exploring this place.
 F = Levels seen in this place.
 G = Mean time per level.
                   A        B        C        D        E       F      G
               +--------+--------+--------+--------+--------+-----+--------+
         Total |    354 |    354 |      0 |      0 |    253 |   2 |  177.0 |
       Dungeon |    254 |    254 |      0 |      0 |    200 |   1 |  254.0 |
         Abyss |    100 |    100 |      0 |      0 |     53 |   1 |  100.0 |
               +--------+--------+--------+--------+--------+-----+--------+

Top non-repeatable levels by time:
     D:1: 254 daAuts
 Abyss:1: 100 daAuts
